Map: Backwater LE

Players

SpeCial - Winner!

  • Race: Terran Terran
  • League: Master
  • Spawn Location: 11:00

IlIlIlIlIlIl

  • Race: Protoss Protoss
  • League: Grandmaster
  • Spawn Location: 5:00

VOD

Have the link to the VOD?

Description

Time

  • Played on: Feb. 13, 2018, 10:48 a.m.
  • Length: 9:53
Show
View Real Time Build Order
Export as new Build Order

SpeCial Terran - Winner!

Build Orders: Reaper Expand, MMM Bio 

Get SALT Encoding   

  12  0:00  SCV  
  13  0:13  SCV  
  14  0:17  Supply Depot  
  14  0:25  SCV  
  15  0:38  SCV  
  15  0:39  Barracks  
  16  0:44  Refinery  
  16  0:50  SCV  
  17  1:03  SCV  
  18  1:15  SCV  
  19  1:28  Orbital Command  
  19  1:29  Reaper  
  20  1:39  Command Center  
  20  1:48  Supply Depot  
  20  1:54  SCV  
  20  2:01  Marine  
  22  2:05  Factory  
  22  2:07  SCV  
  23  2:14  Refinery  
  23  2:19  SCV  
  24  2:22  Barracks Reactor  
  24  2:31  SCV  
  25  2:43  SCV  
  26  2:50  Starport  
  26  2:51  Orbital Command  
  26  2:54  Widow Mine  
  26  2:55  SCV  
  29  2:58  Marine  
  29  2:59  Marine  
  31  3:07  SCV  
  32  3:14  Barracks  
  32  3:16  Marine x2  
  32  3:17  SCV  
  32  3:19  SCV  
  36  3:26  Viking  
  38  3:30  Factory Tech Lab  
  38  3:31  SCV x2  
  40  3:35  Marine x2  
  40  3:39  Supply Depot  
  42  3:43  SCV  
  42  3:44  SCV  
  43  3:53  Marine x2  
  45  3:56  SCV  
  45  4:00  SCV  
  45  4:02  Supply Depot, Factory Tech Lab  
  47  4:07  Marine  
  47  4:08  SCV, Stimpack  
  49  4:10  Engineering Bay  
  49  4:13  SCV  
  50  4:17  Liberator  
  50  4:20  SCV, Marine x2  
  53  4:24  Siege Tank  
  53  4:25  SCV, Marine  
  53  4:27  Supply Depot  
  53  4:29  Supply Depot  
  58  4:32  SCV  
  62  4:46  Supply Depot  
  62  4:48  Marine x3  
  62  4:49  SCV x2  
  62  4:51  Terran Infantry Weapons Level 1  
  67  4:54  Supply Depot  
  67  5:01  SCV x2  
  67  5:06  Marine x2  
  71  5:08  Siege Tank  
  71  5:09  Marine  
  71  5:10  Supply Depot  
  71  5:12  Refinery  
  71  5:13  Barracks  
  75  5:15  SCV  
  75  5:17  Starport Reactor  
  76  5:24  Missile Turret, Marine x2  
  76  5:26  Marine  
  79  5:29  SCV x2  
  81  5:40  Supply Depot  
  81  5:41  SCV x2  
  81  5:42  Marine x2  
  85  5:44  Marine  
  83  5:52  Factory Reactor  
  83  5:53  SCV x2  
  83  5:55  Medivac x2  
  88  5:59  Marine  
  88  6:00  Marine  
  88  6:02  Marine  
  91  6:04  Command Center  
  91  6:05  SCV  
  93  6:13  SCV  
  93  6:15  Supply Depot  
  93  6:16  Refinery  
  93  6:17  Marine x2  
  95  6:21  Marine  
  95  6:22  Marine  
  95  6:25  Medivac x2  
  98  6:33  Missile Turret, Bunker, Combat Shields  
  98  6:35  Marine x2  
  98  6:39  Marine  
  101  6:41  SCV  
  101  6:44  Widow Mine  
  90  6:54  Marine  
  90  6:55  Marauder x2  
  90  6:57  Marine  
  90  6:59  SCV x2  
  100  7:02  Widow Mine  
  100  7:03  Terran Infantry Armor Level 1  
  100  7:05  Widow Mine  
  102  7:09  Barracks x2  
  102  7:12  SCV x2, Marine  
  102  7:15  Marine  
  104  7:23  Widow Mine  
  104  7:27  Widow Mine  
  108  7:30  Marine  
  108  7:33  Marine  
  108  7:36  SCV x2  
  109  7:37  Supply Depot, Orbital Command  
  109  7:38  Medivac x2  
  113  7:45  Widow Mine  
  113  7:47  Marauder x2  
  113  7:48  Widow Mine, Marine  
  113  7:51  Marine, Liberator  
  123  7:57  Barracks Reactor, Barracks Tech Lab  
  123  7:58  SCV x2  
  123  8:00  Supply Depot  
  123  8:04  Liberator  
  123  8:05  SCV  
  124  8:06  Widow Mine  
  124  8:08  Marauder x2, Refinery  
  124  8:10  Widow Mine, SCV x2  
  137  8:13  Marine  
  137  8:14  Marine  
  137  8:18  Supply Depot  
  139  8:22  SCV  
  139  8:23  SCV  
  139  8:24  Supply Depot, Concussive Shells  
  144  8:29  SCV, Marauder  
  144  8:30  Marauder  
  149  8:39  Supply Depot, Marine x2  
  149  8:40  Supply Depot, SCV x2, Widow Mine x2  
  157  8:44  Refinery, Armory  
  157  8:45  Marine x2, Engineering Bay  
  157  8:46  SCV  
  157  8:47  Supply Depot  
  157  8:48  Missile Turret  
  159  8:49  Marauder  
  159  8:52  SCV  
  158  9:00  SCV x2  
  158  9:02  Marine x2, Marauder  
  164  9:04  SCV  
  164  9:07  Widow Mine x2, Marine x2  
  164  9:08  Marauder  
  173  9:12  Marauder  
  173  9:16  Supply Depot  
  175  9:20  Marine x2  
  165  9:35  Marine x3  
Show
View Real Time Build Order
Export as new Build Order

IlIlIlIlIlIl Protoss 

Build Orders: 1 Gate Expand, Oracle Opening, Zealot Archon 

Get SALT Encoding   

  12  0:01  Probe  
  13  0:13  Probe  
  14  0:17  Pylon  
  14  0:25  Probe (Chrono Boost)  
  15  0:37  Probe (Chrono Boost)  
  15  0:39  Gateway  
  16  0:44  Probe (Chrono Boost)  
  16  0:46  Assimilator  
  17  0:51  Probe  
  18  1:03  Probe  
  19  1:15  Probe  
  20  1:23  Nexus  
  20  1:34  Cybernetics Core  
  20  1:36  Probe  
  21  1:42  Assimilator  
  21  1:49  Probe  
  21  1:53  Pylon  
  22  2:01  Probe  
  23  2:09  Adept (Chrono Boost)  
  23  2:13  Probe  
  26  2:19  Stargate  
  26  2:24  Warp Gate  
  26  2:25  Probe  
  26  2:28  Adept  
  29  2:38  Probe x2 (Chrono Boost)  
  31  2:48  Probe x2 (Chrono Boost)  
  33  2:53  Probe x2 (Chrono Boost)  
  33  2:57  Adept  
  37  3:04  Probe x2  
  39  3:07  Oracle (Chrono Boost)  
  41  3:16  Probe  
  41  3:17  Probe  
  42  3:29  Probe x2  
  44  3:36  Forge  
  44  3:39  Gateway  
  44  3:41  Probe x2  
  46  3:42  Gateway  
  46  3:49  Pylon  
  46  3:59  Pylon  
  46  4:03  Protoss Ground Armor Level 1 (Chrono Boost), Assimilator  
  46  4:05  Assimilator  
  46  4:06  Phoenix (Chrono Boost)  
  46  4:07  Probe x2  
  50  4:19  Probe x2  
  50  4:22  Twilight Council  
  52  4:29  Phoenix  
  54  4:31  Probe  
  54  4:33  Probe  
  54  4:37  Nexus  
  56  4:40  Pylon  
  56  4:43  Probe  
  56  4:45  Probe  
  58  4:54  Phoenix  
  58  4:56  Probe  
  58  4:57  Charge (Chrono Boost)  
  61  5:00  Probe  
  61  5:03  Sentry  
  61  5:05  Sentry  
  66  5:08  Probe  
  66  5:12  Probe  
  68  5:19  Phoenix, Gateway x2  
  70  5:23  Gateway  
  70  5:27  Gateway  
  70  5:32  Gateway  
  70  5:47  Protoss Ground Armor Level 2 (Chrono Boost)  
  70  5:49  Probe x2, Phoenix  
  74  5:55  Probe  
  75  6:00  Pylon  
  75  6:01  Probe x2, Pylon  
  77  6:07  Probe  
  78  6:13  Probe, Templar Archives  
  78  6:14  Phoenix  
  78  6:16  Stalker  
  81  6:21  Zealot x2  
  85  6:30  Zealot x3  
  85  6:31  Zealot  
  91  6:43  Zealot x4  
  78  6:51  Zealot x3  
  78  6:52  Zealot  
  82  6:57  Probe  
  83  7:02  Phoenix  
  83  7:04  High Templar x2  
  83  7:06  Zealot x2  
  83  7:08  Probe  
  94  7:10  Archon  
  94  7:14  Pylon  
  94  7:15  Pylon  
  94  7:21  Zealot x3  
  100  7:27  Phoenix  
  100  7:29  Zealot  
  99  7:40  Probe  
  99  7:43  Zealot x2  
  99  7:44  Zealot x2  
  108  7:47  Pylon  
  108  7:50  Pylon  
  108  7:51  Protoss Ground Weapons Level 1 (Chrono Boost)  
  104  7:56  Probe  
  105  8:01  Probe  
  105  8:02  Probe  
  105  8:03  Photon Cannon  
  105  8:05  High Templar x2  
  111  8:09  Archon  
  111  8:11  High Templar  
  111  8:12  High Templar  
  115  8:13  Zealot x2  
  115  8:17  Probe x2  
  115  8:19  Assimilator  
  121  8:20  Assimilator  
  121  8:22  Robotics Facility  
  121  8:26  Probe  
  122  8:30  Archon  
  122  8:31  Shield Battery  
  122  8:33  Probe x2  
  124  8:38  Probe  
  124  8:39  Pylon x2  
  124  8:40  Pylon  
  125  8:42  Pylon  
  125  8:57  Probe  
  122  9:12  Robotics Bay  
  122  9:13  Robotics Facility, Observer (Chrono Boost)  
  122  9:14  Nexus  
  122  9:16  Stalker x2  
  127  9:17  Pylon  
  127  9:19  Stalker  
  127  9:21  Stalker  
  127  9:27  Zealot x2  
  119  9:36  Zealot x2  
  109  9:44  Zealot  
  109  9:45  Zealot x3  
  100  9:48  Stalker x2  
Tags
 
Add a new tag
Caveats
  • Supply blocks, unpowered buildings, or Contaminate may cause inaccurate times.
  • Supply counts are checked every 10 seconds.